Oilers vs Lightning

Created - 30 mars 2018 at 22:16

Goals
1 2 3 T
Oilers 2 1 1 4
Lightning 2 1 2 5
Shots
1 2 3 T
Oilers 13 11 9 33
Lightning 11 6 14 31

1st period

1. Oilers , Justin Williams 28 (Marc Methot 30) at 0:36
2. Lightning , Patric Hornqvist 34 (Jeff Carter 55, Johnny Gaudreau 54) at 4:47
3. Lightning , Patric Hornqvist 35 (Johnny Gaudreau 55, Trevor Daley 29) at 8:32
4. Oilers , Michael Matheson 7 (Sven Baertschi 27, Ryan Johansen 43) at 13:16

Penalties :
Trevor Daley (TBL) for Roughing (Minor) at 6:07

2nd period

5. Lightning , Tobias Rieder 19 (Patrick Eaves 23, Henrik Sedin 20) at 8:36 (PP)
6. Oilers , Reilly Smith 21 (Brad Marchand 65, Ryan Getzlaf 74) at 14:05

Penalties :
Kevin Klein (TBL) for High sticking (Minor) at 1:18, Vernon Fiddler (TBL) for Hooking (Minor) at 4:50, Marc Methot (EDM) for High sticking (Minor) at 4:50, Brent Burns (EDM) for Holding (Minor) at 7:06

3rd period

7. Lightning , Patric Hornqvist 36 (Erik Gudbranson 11, Johnny Gaudreau 56) at 7:36
8. Lightning , Teddy Purcell 9 (Travis Zajac 20, Dennis Wideman 14) at 16:56
9. Oilers , Justin Williams 29 (Marc-Edouard Vlasic 42, Michael Grabner 32) at 17:04

Penalties :
Travis Zajac (TBL) for Cross-checking (Minor) at 3:34, Patrick Eaves (TBL) for Tripping (Minor) at 11:04, Ron Hainsey (EDM) for High sticking (Minor) at 11:04

Goalie Stats

Martin Jones (EDM), 26 saves from 31 shots - (0.839), L, 38-13-6, 59:16 minutes
Kari Lehtonen (TBL), 29 saves from 33 shots - (0.879), W, 36-24-7, 60:00 minutes

Players Stats for Oilers

Player Name              G  A  P  +/- PIM S  H  SB GA TA FO     MP     PP MP  PK MP  
------------------------------------------------------------------------------------
Aleksander Barkov        0  0  0   1  0   5  0  0  0  0  8/23   17:31   3:22   0:00 
Andreas Athanasiou       0  0  0  -3  0   0  1  0  0  0  2/4    10:09   0:00   0:36 
Brad Marchand            0  1  1   1  0   5  2  0  0  0  0/2    19:19   3:22   0:00 
Brent Burns              0  0  0  -2  2   3  1  0  0  0  0/0    22:04   3:38   0:00 
Dominic Moore            0  0  0  -3  0   0  0  0  0  0  8/14    9:38   0:00   0:52 
Francois Beauchemin      0  0  0  -2  0   0  0  0  0  0  0/0    18:31   0:00   0:28 
Jannik Hansen            0  0  0  -3  0   3  0  0  0  0  0/0     9:42   0:00   0:16 
Justin Williams          2  0  2   1  0   7  2  0  0  0  0/0    13:59   0:00   0:00 
Marc Methot              0  1  1   1  2   0  4  1  0  0  0/0    19:30   2:19   1:02 
Marc-Edouard Vlasic      0  1  1   1  0   0  1  0  0  0  0/0    20:57   2:36   0:42 
Michael Grabner          0  1  1   1  0   0  0  1  0  0  0/1    16:56   2:35   0:22 
Michael Matheson         1  0  1   1  0   2  1  1  0  0  0/0    19:06   1:02   0:20 
Reilly Smith             1  0  1   1  0   3  0  0  0  0  0/0    17:31   2:35   0:00 
Riley Nash               0  0  0   1  0   0  1  0  0  0  0/0    14:33   0:00   0:38 
Ron Hainsey              0  0  0   1  2   0  2  0  0  0  0/0    19:49   2:19   0:28 
Ryan Getzlaf             0  1  1   1  0   1  0  0  0  0  10/24  18:35   3:22   0:00 
Ryan Johansen            0  1  1   1  0   0  1  0  0  0  9/21   14:45   2:35   0:16 
Sven Baertschi           0  1  1   1  0   4  0  0  0  0  0/0    11:54   0:00   0:00 

Players Stats for Lightning

Player Name              G  A  P  +/- PIM S  H  SB GA TA FO     MP     PP MP  PK MP  
------------------------------------------------------------------------------------
Andrej Sekera            0  0  0   1  0   0  1  0  0  0  0/0    24:20   0:34   2:22 
Dennis Wideman           0  1  1   1  0   1  1  0  0  0  0/0    11:23   0:00   0:00 
Erik Gudbranson          0  1  1  -2  0   1  4  1  0  0  0/0    22:37   0:16   2:13 
Henrik Sedin             0  1  1  -3  0   2  1  0  0  0  12/23  18:26   0:56   0:48 
Henrik Zetterberg        0  0  0  -3  0   2  3  0  0  0  3/8    19:56   0:40   0:47 
Jeff Carter              0  1  1   2  0   5  1  0  0  0  18/24  21:04   0:34   0:00 
Johnny Gaudreau          0  3  3   2  0   2  1  0  0  0  0/1    18:41   0:34   0:00 
Kevin Klein              0  0  0   1  2   0  3  1  0  0  0/0    17:25   0:40   1:47 
Kyle Quincey             0  0  0  -2  0   2  2  1  0  0  0/0    20:36   0:56   3:30 
Matt Hendricks           0  0  0   0  0   1  1  0  0  0  3/5    12:29   0:00   2:46 
Patric Hornqvist         3  0  3   2  0   5  1  1  0  0  0/0    18:07   0:34   0:00 
Patrick Eaves            0  1  1  -3  2   3  3  0  0  0  0/1    16:27   0:56   0:00 
Teddy Purcell            1  0  1   1  0   3  0  0  0  0  1/1     5:38   0:00   0:00 
Tobias Rieder            1  0  1   0  0   1  0  0  0  0  0/0     0:16   0:16   0:00 
Travis Zajac             0  1  1   1  2   1  1  0  0  0  6/10    8:46   0:00   1:59 
Trevor Daley             0  1  1   1  2   0  2  0  0  0  0/0    23:37   0:34   2:02 
Troy Brouwer             0  0  0   0  0   2  2  0  0  0  1/1    13:19   0:00   3:27 
Vernon Fiddler           0  0  0   1  2   0  0  0  0  0  8/15   16:53   0:00   2:07 

3 Stars

1 - Patric Hornqvist (TBL)
2 - Justin Williams (EDM)
3 - Johnny Gaudreau (TBL)

Power Play

Oilers - 0 on 3 Attempt(s) - 0.00%
Lightning - 1 on 1 Attempt(s) - 100.00%

Penalty Kill

Oilers - 0 on 1 Attempt(s) - 0.00% - Score 0 goal in Penalty Kill
Lightning - 3 on 3 Attempt(s) - 100.00% - Score 0 goal in Penalty Kill

Team Stat

Oilers - Hits : 16 - Faceoff Wins : 37 - Blocked Shots : 3 - Penalty Minutes : 6
Lightning - Hits : 27 - Faceoff Wins : 52 - Blocked Shots : 4 - Penalty Minutes : 10

Official

Referees : Greg Kimmerly and Ghislain Hebert
Linesman : Kiel Murchison and Mike Cvik

Game Notes

Patric Hornqvist has scored a Hat Trick!

Finance

Level 1 -- Attendance: 5668 (87.20%) -- Ticket Income 623 480 $
Level 2 -- Attendance: 3564 (71.28%) -- Ticket Income 338 580 $
Level 3 -- Attendance: 2184 (62.40%) -- Ticket Income 163 800 $
Level 4 -- Attendance: 2196 (68.54%) -- Ticket Income 98 820 $
Luxury Box -- Attendance: 483 (48.30%) -- Ticket Income 173 880 $
Game was played at the Amalie Arena.
Total Attendance: 14095 (73.40%)
Total Ticket Income: 1 398 560 $
Other Income: 209 784 $
Total Income: 1 608 344 $

% Time on Ice - Oilers

Lines # - Real PCT - Wanted PCT - Time Play
Normal Forward
1 - 31% - 32% - 14:56
2 - 29% - 31% - 13:59
3 - 25% - 27% - 11:54
4 - 15% - 10% - 7:29
Normal Defense
1 - 37% - 37% - 18:03
2 - 31% - 33% - 14:58
3 - 32% - 30% - 15:17
4 - 0% - 0% - 0:00
PP Forward
1 - 57% - 65% - 3:22
2 - 43% - 35% - 2:35
PP Defense
1 - 61% - 65% - 3:38
2 - 39% - 35% - 2:19
PK Forward
1 - 82% - 60% - 1:14
2 - 18% - 40% - 0:16
PK Defense
1 - 69% - 50% - 1:02
2 - 31% - 50% - 0:28
PK3 Forward
1 - 0% - 50%
2 - 0% - 50%
PK3 Defense
1 - 0% - 50%
2 - 0% - 50%
44 Forward
1 - 51% - 50% - 2:01
2 - 49% - 50% - 1:57
44 Defense
1 - 26% - 50% - 1:03
2 - 74% - 50% - 2:55
Last Minute Offensive  - 0:17
Last Minute Defensive  - 0:00
Total
Forward - 60:00
Defense - 60:00

% Time on Ice - Lightning

Lines # - Real PCT - Wanted PCT - Time Play
Normal Forward
1 - 36% - 40% - 17:33
2 - 32% - 30% - 15:32
3 - 20% - 20% - 9:43
4 - 12% - 10% - 5:38
Normal Defense
1 - 39% - 40% - 18:55
2 - 30% - 30% - 14:32
3 - 23% - 20% - 11:13
4 - 8% - 10% - 3:46
PP Forward
1 - 38% - 57% - 0:34
2 - 62% - 43% - 0:56
PP Defense
1 - 38% - 57% - 0:34
2 - 62% - 43% - 0:56
PK Forward
1 - 64% - 60% - 3:50
2 - 36% - 40% - 2:07
PK Defense
1 - 64% - 60% - 3:47
2 - 36% - 40% - 2:10
PK3 Forward
1 - 0% - 60%
2 - 0% - 40%
PK3 Defense
1 - 0% - 60%
2 - 0% - 40%
44 Forward
1 - 71% - 60% - 2:48
2 - 29% - 40% - 1:10
44 Defense
1 - 59% - 60% - 2:20
2 - 41% - 40% - 1:38
Last Minute Offensive  - 0:00
Last Minute Defensive  - 0:09
Total
Forward - 60:00
Defense - 60:00

Play by Play

1st period


0:01 of 1st period - Ryan Getzlaf wins face-off versus Jeff Carter in neutral zone.
0:12 of 1st period - Shot by Jeff Carter.
0:12 of 1st period - Stopped by Martin Jones without a rebound.
0:13 of 1st period - Henrik Sedin wins face-off versus Aleksander Barkov in Oilers zone.
0:27 of 1st period - Aleksander Barkov is hit by Erik Gudbranson and loses puck.
0:36 of 1st period - Shot by Justin Williams.
0:36 of 1st period - Goal by Justin Williams - Oilers : 1 - Lightning : 0.
0:37 of 1st period - Ryan Johansen wins face-off versus Vernon Fiddler in neutral zone.
0:48 of 1st period - Dennis Wideman is hit by Ryan Johansen and loses puck.
1:14 of 1st period - Icing by Sven Baertschi.
1:15 of 1st period - Jeff Carter wins face-off versus Ryan Johansen in Oilers zone.
2:01 of 1st period - Shot by Brad Marchand.
2:01 of 1st period - Deflect By Ryan Getzlaf.
2:01 of 1st period - Shot Hit the Post.
2:37 of 1st period - Shot by Justin Williams.
2:37 of 1st period - Stopped by Kari Lehtonen without a rebound.
2:38 of 1st period - Henrik Sedin wins face-off versus Aleksander Barkov in Lightning zone.
3:02 of 1st period - Henrik Zetterberg is hit by Marc Methot and loses puck.
3:28 of 1st period - Off-side.
3:29 of 1st period - Travis Zajac wins face-off versus Dominic Moore in neutral zone.
3:29 of 1st period - Travis Zajac is hit by Andreas Athanasiou.
3:37 of 1st period - Shot by Travis Zajac.
3:37 of 1st period - Shot Blocked by Michael Matheson.
3:44 of 1st period - Vernon Fiddler is hit by Ron Hainsey and loses puck.
3:52 of 1st period - Off-side.
3:53 of 1st period - Ryan Johansen wins face-off versus Vernon Fiddler in neutral zone.
4:20 of 1st period - Shot by Matt Hendricks.
4:20 of 1st period - Deflect By Troy Brouwer.
4:20 of 1st period - Stopped by Martin Jones without a rebound.
4:21 of 1st period - Ryan Getzlaf wins face-off versus Henrik Sedin in Oilers zone.
4:33 of 1st period - Shot by Brad Marchand.
4:33 of 1st period - Stopped by Kari Lehtonen without a rebound.
4:34 of 1st period - Jeff Carter wins face-off versus Dominic Moore in Lightning zone.
4:47 of 1st period - Shot by Patric Hornqvist.
4:47 of 1st period - Goal by Patric Hornqvist - Oilers : 1 - Lightning : 1.
4:48 of 1st period - Ryan Getzlaf wins face-off versus Henrik Sedin in neutral zone.
5:18 of 1st period - Shot by Ryan Getzlaf.
5:18 of 1st period - Stopped by Kari Lehtonen without a rebound.
5:19 of 1st period - Jeff Carter wins face-off versus Aleksander Barkov in Lightning zone.
5:40 of 1st period - Shot by Aleksander Barkov.
5:40 of 1st period - Stopped by Kari Lehtonen without a rebound.
5:41 of 1st period - Teddy Purcell wins face-off versus Ryan Johansen in Lightning zone.
5:54 of 1st period - Shot by Teddy Purcell.
5:54 of 1st period - Stopped by Martin Jones without a rebound.
5:55 of 1st period - Jeff Carter wins face-off versus Ryan Getzlaf in Oilers zone.
6:07 of 1st period - Minor Penalty to Trevor Daley for Roughing.
6:08 of 1st period - Ryan Getzlaf wins face-off versus Matt Hendricks in Lightning zone.
6:19 of 1st period - Shot by Brent Burns.
6:19 of 1st period - Stopped by Kari Lehtonen without a rebound.
6:20 of 1st period - Matt Hendricks wins face-off versus Ryan Johansen in Lightning zone.
6:38 of 1st period - Reilly Smith is hit by Kevin Klein and loses puck.
6:47 of 1st period - Shot by Reilly Smith.
6:47 of 1st period - Shot Misses the Net.
6:49 of 1st period - Shot by Brent Burns.
6:49 of 1st period - Shot Blocked by Kevin Klein.
6:51 of 1st period - Shot by Brent Burns.
6:51 of 1st period - Stopped by Kari Lehtonen without a rebound.
6:52 of 1st period - Vernon Fiddler wins face-off versus Ryan Getzlaf in Lightning zone.
7:57 of 1st period - Shot by Brent Burns.
7:57 of 1st period - Shot Misses the Net.
8:15 of 1st period - Shot by Jeff Carter.
8:15 of 1st period - Shot Misses the Net.
8:30 of 1st period - Shot by Patric Hornqvist.
8:30 of 1st period - Shot Misses the Net.
8:32 of 1st period - Shot by Patric Hornqvist.
8:32 of 1st period - Goal by Patric Hornqvist - Oilers : 1 - Lightning : 2.
8:33 of 1st period - Henrik Sedin wins face-off versus Ryan Johansen in neutral zone.
8:40 of 1st period - Shot by Patrick Eaves.
8:40 of 1st period - Deflect By Henrik Zetterberg.
8:40 of 1st period - Shot Misses the Net.
8:42 of 1st period - Shot by Patrick Eaves.
8:42 of 1st period - Shot Misses the Net.
8:48 of 1st period - Shot by Patrick Eaves.
8:48 of 1st period - Shot Misses the Net.
8:50 of 1st period - Shot by Henrik Sedin.
8:50 of 1st period - Stopped by Martin Jones without a rebound.
8:51 of 1st period - Jeff Carter wins face-off versus Ryan Getzlaf in Oilers zone.
8:51 of 1st period - Jeff Carter is hit by Marc Methot.
8:54 of 1st period - Johnny Gaudreau is hit by Marc-Edouard Vlasic and loses puck.
9:53 of 1st period - Shot by Justin Williams.
9:53 of 1st period - Shot Misses the Net.
9:55 of 1st period - Shot by Michael Matheson.
9:55 of 1st period - Stopped by Kari Lehtonen without a rebound.
9:56 of 1st period - Ryan Johansen wins face-off versus Vernon Fiddler in Lightning zone.
11:00 of 1st period - Shot by Aleksander Barkov.
11:00 of 1st period - Stopped by Kari Lehtonen without a rebound.
11:01 of 1st period - Henrik Sedin wins face-off versus Ryan Getzlaf in Lightning zone.
11:19 of 1st period - Henrik Zetterberg is hit by Brad Marchand and loses puck.
11:59 of 1st period - Shot by Jeff Carter.
11:59 of 1st period - Shot Blocked by Marc Methot.
12:13 of 1st period - Shot by Jeff Carter.
12:13 of 1st period - Stopped by Martin Jones without a rebound.
12:14 of 1st period - Aleksander Barkov wins face-off versus Vernon Fiddler in Oilers zone.
12:21 of 1st period - Shot by Matt Hendricks.
12:21 of 1st period - Shot Misses the Net.
12:23 of 1st period - Shot by Vernon Fiddler.
12:23 of 1st period - Shot Misses the Net.
12:25 of 1st period - Shot by Vernon Fiddler.
12:25 of 1st period - Shot Misses the Net.
12:46 of 1st period - Icing by Francois Beauchemin.
12:47 of 1st period - Aleksander Barkov wins face-off versus Henrik Sedin in Oilers zone.
12:47 of 1st period - Aleksander Barkov is hit by Patrick Eaves.
12:55 of 1st period - Patrick Eaves is hit by Justin Williams.
13:04 of 1st period - Aleksander Barkov is hit by Erik Gudbranson and loses puck.
13:12 of 1st period - Icing by Patrick Eaves.
13:13 of 1st period - Ryan Johansen wins face-off versus Henrik Sedin in Lightning zone.
13:13 of 1st period - Sven Baertschi is hit by Kyle Quincey and loses puck.
13:16 of 1st period - Shot by Michael Matheson.
13:16 of 1st period - Goal by Michael Matheson - Oilers : 2 - Lightning : 2.
13:17 of 1st period - Jeff Carter wins face-off versus Ryan Johansen in neutral zone.
14:17 of 1st period - Icing by Marc-Edouard Vlasic.
14:18 of 1st period - Ryan Getzlaf wins face-off versus Henrik Sedin in Oilers zone.
14:18 of 1st period - Ryan Getzlaf is hit by Patrick Eaves.
14:26 of 1st period - Shot by Reilly Smith.
14:26 of 1st period - Stopped by Kari Lehtonen without a rebound.
14:27 of 1st period - Vernon Fiddler wins face-off versus Aleksander Barkov in Lightning zone.
15:26 of 1st period - Brad Marchand is hit by Kyle Quincey and loses puck.
15:39 of 1st period - Shot by Henrik Sedin.
15:39 of 1st period - Shot Misses the Net.
15:50 of 1st period - Ryan Getzlaf is hit by Erik Gudbranson.
15:55 of 1st period - Icing by Erik Gudbranson.
15:56 of 1st period - Henrik Sedin wins face-off versus Ryan Johansen in Lightning zone.
16:20 of 1st period - Shot by Johnny Gaudreau.
16:20 of 1st period - Stopped by Martin Jones without a rebound.
16:21 of 1st period - Travis Zajac wins face-off versus Dominic Moore in Oilers zone.
16:33 of 1st period - Off-side.
16:34 of 1st period - Aleksander Barkov wins face-off versus Jeff Carter in neutral zone.
16:45 of 1st period - Shot by Justin Williams.
16:45 of 1st period - Shot Blocked by Patric Hornqvist.
16:48 of 1st period - Icing by Trevor Daley.
16:49 of 1st period - Ryan Johansen wins face-off versus Jeff Carter in Lightning zone.
17:11 of 1st period - Shot by Patric Hornqvist.
17:11 of 1st period - Deflect By Jeff Carter.
17:11 of 1st period - Stopped by Martin Jones without a rebound.
17:12 of 1st period - Vernon Fiddler wins face-off versus Aleksander Barkov in Oilers zone.
17:24 of 1st period - Shot by Matt Hendricks.
17:24 of 1st period - Stopped by Martin Jones without a rebound.
17:25 of 1st period - Henrik Sedin wins face-off versus Brad Marchand in Oilers zone.
17:30 of 1st period - Shot by Henrik Sedin.
17:30 of 1st period - Shot Misses the Net.
17:34 of 1st period - Shot by Patrick Eaves.
17:34 of 1st period - Stopped by Martin Jones without a rebound.
17:35 of 1st period - Jeff Carter wins face-off versus Aleksander Barkov in Oilers zone.
17:35 of 1st period - Patric Hornqvist is hit by Ron Hainsey and loses puck.
18:07 of 1st period - Aleksander Barkov is hit by Trevor Daley and loses puck.
18:24 of 1st period - Shot by Brent Burns.
18:24 of 1st period - Stopped by Kari Lehtonen without a rebound.
18:25 of 1st period - Travis Zajac wins face-off versus Dominic Moore in Lightning zone.
18:43 of 1st period - Brent Burns is hit by Travis Zajac.
18:44 of 1st period - Icing by Brent Burns.
18:45 of 1st period - Dominic Moore wins face-off versus Henrik Sedin in Oilers zone.
18:45 of 1st period - Dominic Moore is hit by Henrik Sedin.
18:48 of 1st period - Brent Burns is hit by Henrik Zetterberg and loses puck.
19:45 of 1st period - Shot by Brad Marchand.
19:45 of 1st period - Deflect By Reilly Smith.
19:45 of 1st period - Shot Misses the Net.
19:47 of 1st period - Shot by Ryan Getzlaf.
19:47 of 1st period - Shot Misses the Net.
19:49 of 1st period - Shot by Brad Marchand.
19:49 of 1st period - Stopped by Kari Lehtonen without a rebound.
19:50 of 1st period - Jeff Carter wins face-off versus Aleksander Barkov in Lightning zone.
Goals for this period are 2 for Oilers vs 2 for Lightning.
Shots for this period are 13 for Oilers vs 11 for Lightning.

2nd period


0:01 of 2nd period - Jeff Carter wins face-off versus Ryan Johansen in neutral zone.
0:04 of 2nd period - Marc-Edouard Vlasic is hit by Johnny Gaudreau.
1:00 of 2nd period - Marc-Edouard Vlasic is hit by Troy Brouwer and loses puck.
1:18 of 2nd period - Minor Penalty to Kevin Klein for High sticking.
1:19 of 2nd period - Matt Hendricks wins face-off versus Ryan Getzlaf in Lightning zone.
1:37 of 2nd period - Shot by Ryan Getzlaf.
1:37 of 2nd period - Shot Misses the Net.
1:44 of 2nd period - Icing by Brent Burns.
1:45 of 2nd period - Ryan Getzlaf wins face-off versus Travis Zajac in Oilers zone.
2:26 of 2nd period - Troy Brouwer is hit by Marc Methot and loses puck.
3:26 of 2nd period - Shot by Patric Hornqvist.
3:26 of 2nd period - Stopped by Martin Jones with a rebound.
3:28 of 2nd period - Shot by Dennis Wideman.
3:28 of 2nd period - Stopped by Martin Jones with a rebound.
3:40 of 2nd period - Shot by Patric Hornqvist.
3:40 of 2nd period - Shot Misses the Net.
4:26 of 2nd period - Shot by Sven Baertschi.
4:26 of 2nd period - Stopped by Kari Lehtonen without a rebound.
4:27 of 2nd period - Aleksander Barkov wins face-off versus Travis Zajac in Lightning zone.
4:33 of 2nd period - Icing by Andrej Sekera.
4:34 of 2nd period - Travis Zajac wins face-off versus Ryan Getzlaf in Lightning zone.
4:50 of 2nd period - Minor Penalty to Vernon Fiddler for Hooking.
4:50 of 2nd period - Minor Penalty to Marc Methot for High sticking.
4:51 of 2nd period - Dominic Moore wins face-off versus Henrik Zetterberg in Oilers zone.
4:51 of 2nd period - Dominic Moore is hit by Jeff Carter.
5:27 of 2nd period - Icing by Trevor Daley.
5:28 of 2nd period - Andreas Athanasiou wins face-off versus Henrik Zetterberg in Lightning zone.
5:31 of 2nd period - Shot by Jannik Hansen.
5:31 of 2nd period - Stopped by Kari Lehtonen without a rebound.
5:32 of 2nd period - Henrik Zetterberg wins face-off versus Andreas Athanasiou in Lightning zone.
6:27 of 2nd period - Shot by Henrik Sedin.
6:27 of 2nd period - Stopped by Martin Jones without a rebound.
6:28 of 2nd period - Dominic Moore wins face-off versus Henrik Zetterberg in Oilers zone.
7:06 of 2nd period - Minor Penalty to Brent Burns for Holding.
7:07 of 2nd period - Dominic Moore wins face-off versus Henrik Sedin in Oilers zone.
7:24 of 2nd period - Shot by Patrick Eaves.
7:24 of 2nd period - Shot Misses the Net.
8:36 of 2nd period - Shot by Tobias Rieder.
8:36 of 2nd period - Goal by Tobias Rieder - Oilers : 2 - Lightning : 3.
8:37 of 2nd period - Troy Brouwer wins face-off versus Ryan Getzlaf in neutral zone.
8:42 of 2nd period - Ryan Getzlaf is hit by Matt Hendricks and loses puck.
9:08 of 2nd period - Shot by Ryan Getzlaf.
9:08 of 2nd period - Shot Misses the Net.
10:55 of 2nd period - Brad Marchand is hit by Andrej Sekera and loses puck.
10:58 of 2nd period - Shot by Reilly Smith.
10:58 of 2nd period - Stopped by Kari Lehtonen without a rebound.
10:59 of 2nd period - Dominic Moore wins face-off versus Travis Zajac in Lightning zone.
11:00 of 2nd period - Shot by Jannik Hansen.
11:00 of 2nd period - Stopped by Kari Lehtonen with a rebound.
11:24 of 2nd period - Shot by Teddy Purcell.
11:24 of 2nd period - Shot Misses the Net.
11:26 of 2nd period - Shot by Kyle Quincey.
11:26 of 2nd period - Stopped by Martin Jones with a rebound.
11:28 of 2nd period - Shot by Travis Zajac.
11:28 of 2nd period - Shot Misses the Net.
11:50 of 2nd period - Shot by Aleksander Barkov.
11:50 of 2nd period - Stopped by Kari Lehtonen without a rebound.
11:51 of 2nd period - Jeff Carter wins face-off versus Ryan Getzlaf in Lightning zone.
11:55 of 2nd period - Off-side.
11:56 of 2nd period - Aleksander Barkov wins face-off versus Vernon Fiddler in neutral zone.
11:58 of 2nd period - Marc-Edouard Vlasic is hit by Troy Brouwer and loses puck.
12:02 of 2nd period - Marc-Edouard Vlasic is hit by Trevor Daley and loses puck.
13:36 of 2nd period - Icing by Marc Methot.
13:37 of 2nd period - Jeff Carter wins face-off versus Aleksander Barkov in Oilers zone.
14:01 of 2nd period - Shot by Brad Marchand.
14:01 of 2nd period - Shot Misses the Net.
14:03 of 2nd period - Shot by Reilly Smith.
14:03 of 2nd period - Shot Misses the Net.
14:05 of 2nd period - Shot by Reilly Smith.
14:05 of 2nd period - Goal by Reilly Smith - Oilers : 3 - Lightning : 3.
14:06 of 2nd period - Travis Zajac wins face-off versus Ryan Johansen in neutral zone.
14:17 of 2nd period - Teddy Purcell is hit by Riley Nash and loses puck.
14:30 of 2nd period - Shot by Travis Zajac.
14:30 of 2nd period - Shot Misses the Net.
14:37 of 2nd period - Off-side.
14:38 of 2nd period - Ryan Getzlaf wins face-off versus Henrik Sedin in neutral zone.
15:09 of 2nd period - Shot by Brad Marchand.
15:09 of 2nd period - Stopped by Kari Lehtonen without a rebound.
15:10 of 2nd period - Dominic Moore wins face-off versus Jeff Carter in Lightning zone.
15:35 of 2nd period - Shot by Johnny Gaudreau.
15:35 of 2nd period - Shot Misses the Net.
16:10 of 2nd period - Shot by Troy Brouwer.
16:10 of 2nd period - Stopped by Martin Jones without a rebound.
16:11 of 2nd period - Henrik Sedin wins face-off versus Ryan Getzlaf in Oilers zone.
16:26 of 2nd period - Shot by Brad Marchand.
16:26 of 2nd period - Shot Misses the Net.
16:36 of 2nd period - Shot by Brad Marchand.
16:36 of 2nd period - Stopped by Kari Lehtonen without a rebound.
16:37 of 2nd period - Ryan Johansen wins face-off versus Vernon Fiddler in Lightning zone.
17:43 of 2nd period - Shot by Brad Marchand.
17:43 of 2nd period - Stopped by Kari Lehtonen without a rebound.
17:44 of 2nd period - Aleksander Barkov wins face-off versus Jeff Carter in Lightning zone.
18:05 of 2nd period - Shot by Justin Williams.
18:05 of 2nd period - Stopped by Kari Lehtonen without a rebound.
18:06 of 2nd period - Ryan Getzlaf wins face-off versus Henrik Sedin in Lightning zone.
18:06 of 2nd period - Ryan Getzlaf is hit by Dennis Wideman.
18:13 of 2nd period - Ryan Getzlaf is hit by Kevin Klein.
18:31 of 2nd period - Off-side.
18:32 of 2nd period - Jeff Carter wins face-off versus Aleksander Barkov in neutral zone.
19:11 of 2nd period - Shot by Aleksander Barkov.
19:11 of 2nd period - Stopped by Kari Lehtonen without a rebound.
19:12 of 2nd period - Henrik Sedin wins face-off versus Ryan Getzlaf in Lightning zone.
Goals for this period are 1 for Oilers vs 1 for Lightning.
Shots for this period are 11 for Oilers vs 6 for Lightning.

3rd period


0:01 of 3rd period - Jeff Carter wins face-off versus Ryan Getzlaf in neutral zone.
0:12 of 3rd period - Shot by Jeff Carter.
0:12 of 3rd period - Stopped by Martin Jones with a rebound.
0:14 of 3rd period - Shot by Jeff Carter.
0:14 of 3rd period - Stopped by Martin Jones without a rebound.
0:15 of 3rd period - Henrik Sedin wins face-off versus Michael Grabner in Oilers zone.
0:18 of 3rd period - Shot by Patrick Eaves.
0:18 of 3rd period - Stopped by Martin Jones without a rebound.
0:19 of 3rd period - Aleksander Barkov wins face-off versus Jeff Carter in Oilers zone.
0:21 of 3rd period - Brent Burns is hit by Patric Hornqvist.
0:36 of 3rd period - Icing by Brent Burns.
0:37 of 3rd period - Henrik Sedin wins face-off versus Aleksander Barkov in Oilers zone.
0:59 of 3rd period - Icing by Kyle Quincey.
1:00 of 3rd period - Henrik Sedin wins face-off versus Ryan Johansen in Lightning zone.
1:14 of 3rd period - Icing by Kyle Quincey.
1:15 of 3rd period - Henrik Sedin wins face-off versus Ryan Getzlaf in Lightning zone.
1:24 of 3rd period - Shot by Brad Marchand.
1:24 of 3rd period - Shot Misses the Net.
2:31 of 3rd period - Shot by Sven Baertschi.
2:31 of 3rd period - Stopped by Kari Lehtonen without a rebound.
2:32 of 3rd period - Vernon Fiddler wins face-off versus Aleksander Barkov in Lightning zone.
2:32 of 3rd period - Vernon Fiddler is hit by Justin Williams.
2:35 of 3rd period - Teddy Purcell is hit by Brent Burns and loses puck.
2:42 of 3rd period - Shot by Travis Zajac.
2:42 of 3rd period - Stopped by Martin Jones without a rebound.
2:43 of 3rd period - Dominic Moore wins face-off versus Patrick Eaves in Oilers zone.
2:43 of 3rd period - Dominic Moore is hit by Henrik Zetterberg.
2:50 of 3rd period - Brent Burns is hit by Erik Gudbranson and loses puck.
3:14 of 3rd period - Dominic Moore is hit by Kevin Klein and loses puck.
3:19 of 3rd period - Shot by Andreas Athanasiou.
3:19 of 3rd period - Shot Blocked by Erik Gudbranson.
3:34 of 3rd period - Minor Penalty to Travis Zajac for Cross-checking.
3:35 of 3rd period - Matt Hendricks wins face-off versus Ryan Getzlaf in Lightning zone.
4:11 of 3rd period - Shot by Brad Marchand.
4:11 of 3rd period - Shot Misses the Net.
4:13 of 3rd period - Shot by Ryan Getzlaf.
4:13 of 3rd period - Shot Misses the Net.
4:15 of 3rd period - Shot by Ryan Getzlaf.
4:15 of 3rd period - Shot Blocked by Kyle Quincey.
4:28 of 3rd period - Off-side.
4:29 of 3rd period - Ryan Johansen wins face-off versus Matt Hendricks in neutral zone.
4:36 of 3rd period - Shot by Brent Burns.
4:36 of 3rd period - Shot Misses the Net.
5:31 of 3rd period - Andrej Sekera is hit by Brad Marchand and loses puck.
6:00 of 3rd period - Shot by Jeff Carter.
6:00 of 3rd period - Shot Misses the Net.
6:02 of 3rd period - Shot by Johnny Gaudreau.
6:02 of 3rd period - Stopped by Martin Jones without a rebound.
6:03 of 3rd period - Ryan Johansen wins face-off versus Travis Zajac in Oilers zone.
6:10 of 3rd period - Shot by Sven Baertschi.
6:10 of 3rd period - Stopped by Kari Lehtonen without a rebound.
6:11 of 3rd period - Ryan Getzlaf wins face-off versus Henrik Zetterberg in Lightning zone.
7:13 of 3rd period - Off-side.
7:14 of 3rd period - Jeff Carter wins face-off versus Aleksander Barkov in neutral zone.
7:18 of 3rd period - Off-side.
7:19 of 3rd period - Jeff Carter wins face-off versus Aleksander Barkov in neutral zone.
7:36 of 3rd period - Shot by Patric Hornqvist.
7:36 of 3rd period - Goal by Patric Hornqvist - Oilers : 3 - Lightning : 4.
7:37 of 3rd period - Vernon Fiddler wins face-off versus Ryan Johansen in neutral zone.
7:50 of 3rd period - Shot by Ryan Johansen.
7:50 of 3rd period - Shot Misses the Net.
8:24 of 3rd period - Icing by Ron Hainsey.
8:25 of 3rd period - Jeff Carter wins face-off versus Ryan Johansen in Oilers zone.
8:48 of 3rd period - Shot by Patric Hornqvist.
8:48 of 3rd period - Shot Misses the Net.
8:58 of 3rd period - Shot by Johnny Gaudreau.
8:58 of 3rd period - Shot Blocked by Michael Grabner.
9:00 of 3rd period - Shot by Erik Gudbranson.
9:00 of 3rd period - Stopped by Martin Jones with a rebound.
9:44 of 3rd period - Brad Marchand is hit by Patrick Eaves and loses puck.
10:03 of 3rd period - Shot by Henrik Zetterberg.
10:03 of 3rd period - Stopped by Martin Jones without a rebound.
10:04 of 3rd period - Vernon Fiddler wins face-off versus Dominic Moore in Oilers zone.
10:31 of 3rd period - Icing by Jannik Hansen.
10:32 of 3rd period - Dominic Moore wins face-off versus Henrik Sedin in Oilers zone.
10:32 of 3rd period - Dominic Moore is hit by Henrik Zetterberg.
10:42 of 3rd period - Shot by Patrick Eaves.
10:42 of 3rd period - Stopped by Martin Jones with a rebound.
11:04 of 3rd period - Minor Penalty to Patrick Eaves for Tripping.
11:04 of 3rd period - Minor Penalty to Ron Hainsey for High sticking.
11:05 of 3rd period - Henrik Zetterberg wins face-off versus Brad Marchand in Oilers zone.
11:56 of 3rd period - Shot by Jannik Hansen.
11:56 of 3rd period - Shot Misses the Net.
11:58 of 3rd period - Shot by Aleksander Barkov.
11:58 of 3rd period - Stopped by Kari Lehtonen without a rebound.
11:59 of 3rd period - Andreas Athanasiou wins face-off versus Henrik Zetterberg in Lightning zone.
12:00 of 3rd period - Shot by Jannik Hansen.
12:00 of 3rd period - Stopped by Kari Lehtonen with a rebound.
13:15 of 3rd period - Shot by Justin Williams.
13:15 of 3rd period - Stopped by Kari Lehtonen without a rebound.
13:16 of 3rd period - Vernon Fiddler wins face-off versus Ryan Getzlaf in Lightning zone.
14:00 of 3rd period - Off-side.
14:01 of 3rd period - Henrik Zetterberg wins face-off versus Aleksander Barkov in neutral zone.
14:12 of 3rd period - Shot by Patrick Eaves.
14:12 of 3rd period - Deflect By Henrik Zetterberg.
14:12 of 3rd period - Stopped by Martin Jones with a rebound.
14:28 of 3rd period - Icing by Justin Williams.
14:29 of 3rd period - Jeff Carter wins face-off versus Aleksander Barkov in Oilers zone.
14:34 of 3rd period - Shot by Patric Hornqvist.
14:34 of 3rd period - Stopped by Martin Jones without a rebound.
14:35 of 3rd period - Jeff Carter wins face-off versus Ryan Johansen in Oilers zone.
14:59 of 3rd period - Shot by Sven Baertschi.
14:59 of 3rd period - Stopped by Kari Lehtonen with a rebound.
15:01 of 3rd period - Shot by Sven Baertschi.
15:01 of 3rd period - Shot Misses the Net.
15:03 of 3rd period - Shot by Marc-Edouard Vlasic.
15:03 of 3rd period - Shot Misses the Net.
15:16 of 3rd period - Johnny Gaudreau is hit by Marc Methot and loses puck.
16:10 of 3rd period - Shot by Brad Marchand.
16:10 of 3rd period - Shot Misses the Net.
16:12 of 3rd period - Shot by Francois Beauchemin.
16:12 of 3rd period - Shot Misses the Net.
16:32 of 3rd period - Shot by Teddy Purcell.
16:32 of 3rd period - Stopped by Martin Jones with a rebound.
16:34 of 3rd period - Shot by Kyle Quincey.
16:34 of 3rd period - Stopped by Martin Jones without a rebound.
16:35 of 3rd period - Vernon Fiddler wins face-off versus Dominic Moore in Oilers zone.
16:41 of 3rd period - Icing by Andreas Athanasiou.
16:42 of 3rd period - Travis Zajac wins face-off versus Andreas Athanasiou in Oilers zone.
16:42 of 3rd period - Travis Zajac is hit by Michael Matheson.
16:56 of 3rd period - Shot by Teddy Purcell.
16:56 of 3rd period - Goal by Teddy Purcell - Oilers : 3 - Lightning : 5.
16:57 of 3rd period - Aleksander Barkov wins face-off versus Henrik Sedin in neutral zone.
17:00 of 3rd period - Shot by Michael Grabner.
17:00 of 3rd period - Shot Misses the Net.
17:02 of 3rd period - Shot by Marc-Edouard Vlasic.
17:02 of 3rd period - Shot Misses the Net.
17:04 of 3rd period - Shot by Justin Williams.
17:04 of 3rd period - Goal by Justin Williams - Oilers : 4 - Lightning : 5.
17:05 of 3rd period - Ryan Johansen wins face-off versus Johnny Gaudreau in neutral zone.
17:56 of 3rd period - Shot by Justin Williams.
17:56 of 3rd period - Stopped by Kari Lehtonen with a rebound.
18:04 of 3rd period - Shot by Justin Williams.
18:04 of 3rd period - Stopped by Kari Lehtonen without a rebound.
18:05 of 3rd period - Ryan Getzlaf wins face-off versus Vernon Fiddler in Lightning zone.
18:06 of 3rd period - Shot by Brad Marchand.
18:06 of 3rd period - Shot Misses the Net.
19:16 of 3rd period - Oilers, Martin Jones is pulled from the net.
Goals for this period are 1 for Oilers vs 2 for Lightning.
Shots for this period are 9 for Oilers vs 14 for Lightning.